AoeStats
← andrew

Arabia

508326202Analyzed
1v1 RM · 9d ago on Sep 21, 2026· 31m 55s· 2 players
Game mode
Random Map
Map size
Tiny (2 player)
Population
200
Speed
Normal
Resources
Standard
Victory
Conquest
Starting age
Dark Age
Ending age
Imperial Age
RankedLock teamsTeams togetherTeam positionsShared explorationLock speedFull tech treeHidden civsTurbo modeCheats
Victory
Defeat
🇨🇦 Goths · Canada
1317
+14
🇦🇷 Mongols · Argentina
1284
-14
FranGinaro
5:31 Loom
8:03 Feudal Age
8:42 Double-Bit Axe
9:32 Town Watch
18:35 Fletching
19:06 Forging
23:57 Castle Age
22:32 Padded Archer Armor
22:19 Horse Collar
22:46 Gold Mining
24:55 Bodkin Arrow
24:21 Crossbowman
25:48 Bow Saw
andrew
3:48 Loom
9:40 Feudal Age
10:34 Double-Bit Axe
10:18 Man-at-Arms
11:12 Double-Bit Axe
22:00 Castle Age
20:29 Stone Mining
24:02 Scale Mail Armor
24:11 Squires
24:49 Forging
26:05 Wheelbarrow
Connection lost

Rejoining the realm…

Still unreachable

The connection could not be restored.

Session expired

The server has moved on; the page needs a fresh start.